 Dungeon Crawl Stone Soup version 0.30.1-4-g462c640d31 (webtiles) character file.

Game seed: 1376385920632509579

1024 spardeous the Conjurer (level 7, -3/50 HPs)
             Began as a Demigod Conjurer on Sept 2, 2023.
             Shot with an arrow by a centaur (6 damage)
             ... on level 6 of the Dungeon.
             The game lasted 00:05:15 (4622 turns).

spardeous the Conjurer (Demigod Conjurer)           Turns: 4622, Time: 00:05:15

Health: -3/50      AC:  7    Str: 14    XL:     7   Next: 71%
Magic:  14/18      EV: 12    Int: 28    God:
Gold:   428        SH:  0    Dex: 12    Spells: 9/16 levels left

rFire   . . .        B - +3 whip (elec)
rCold   . . .        (no shield)
rNeg    . . .        u - +2 robe {Will+}
rPois   .            e - +0 helmet
rElec   .            (no cloak)
rCorr   .            A - +0 pair of gloves
SInv    .            c - +0 pair of boots
Will    +....        h - amulet of magic regeneration
Stlth   ++           y - +6 ring of strength
HPRegen 0.28/turn    (no ring)
MPRegen 0.56/turn

%: no passive effects
@: no status effects
A: high MP 1, forlorn, divine attributes
a: no special abilities


You were on level 6 of the Dungeon.
You visited 1 branch of the dungeon, and saw 6 of its levels.

You collected 428 gold pieces.

Inventory:

Hand Weapons
 B - a +3 whip of electrocution (weapon)
Armour
 c - a +0 pair of boots (worn)
 e - a +0 helmet (worn)
 u - a +2 robe of willpower (worn)
 A - a +0 pair of gloves (worn)
Jewellery
 h - an amulet of magic regeneration (around neck)
 y - a +6 ring of strength (left hand)
Wands
 z - a wand of flame (14)
Scrolls
 d - 10 scrolls of identify {unknown}
 f - 3 scrolls of blinking {unknown}
 i - 2 scrolls of amnesia {unknown}
 j - 3 scrolls of teleportation {unknown}
 k - a scroll of enchant weapon {unknown}
 n - 3 scrolls of noise {unknown}
 s - a scroll of poison {unknown}
 t - 2 scrolls of immolation {unknown}
Potions
 a - a potion of curing {unknown}
 b - 3 potions of magic
 g - 3 potions of flight
 l - 2 potions of mutation {unknown}
 m - a potion of invisibility
 o - a potion of degeneration {unknown}
 p - a potion of haste
 q - a potion of berserk rage {unknown}
 r - a potion of lignification
 v - a potion of brilliance {unknown}
 w - 2 potions of cancellation {unknown}
 x - a potion of might


   Skills:
 - Level 1.7 Dodging
 - Level 1.7 Stealth
 - Level 5.1 Spellcasting
 + Level 7.0 Conjurations
 + Level 2.5 Translocations


You had 9 spell levels left.
You knew the following spells:

 Your Spells              Type           Power      Damage    Failure   Level
a - Magic Dart            Conj           100%       1d8       1%          1
b - Searing Ray           Conj           92%        2d7       1%          2
c - Iskenderun's Mystic   Conj/Tloc      34%        2d8       10%         4

Your spell library contained the following spells:

 Spells                   Type           Power      Damage    Failure   Level
 Dazzling Flash           Conj/Hex       54%        N/A       4%          3
 Hailstorm                Conj/Ice       27%        3d7       4%          3
 Freeze                   Ice            28%        1d5       7%          1
 Sting                    Tmut/Pois      28%        1d4       7%          1
 Ensorcelled Hibernation  Hex/Ice        14%        N/A       10%         2
 Poisonous Vapours        Pois/Air       14%        N/A       10%         2
 Portal Projectile        Hex/Tloc       28%        N/A       12%         3
 Fulminant Prism          Conj/Hex       13%        3d8       16%         4
 Frozen Ramparts          Ice            14%        1d3       21%         3
 Ozocubu's Armour         Ice            7%         N/A       21%         3
 Spider Form              Tmut/Pois      7%         N/A       21%         3
 Tukima's Dance           Hex            7%         N/A       21%         3
 Anguish                  Hex/Necr       3%         N/A       54%         4
 Ice Form                 Ice/Tmut       7%         N/A       54%         4
 Olgreb's Toxic Radiance  Pois           7%         N/A       54%         4
 Summon Ice Beast         Ice/Summ       7%         N/A       54%         4
 Blade Hands              Tmut           3%         N/A       88%         5
 Ozocubu's Refrigeration  Ice            3%         4d8       100%        7


Dungeon Overview and Level Annotations

Branches:
Dungeon (6/15)             Temple (0/1) D:6

Annotations:
D:2 1 runed translucent door, Crazy Yiuf
D:3 3 runed translucent doors, Babbit's ghost, weakling DrCj


Innate Abilities, Weirdness & Mutations

You have an increased reservoir of magic. (+10% MP)
You shall have no god before yourself.
Your divine heritage dramatically boosts your attributes as you level up.


Message History

The hound attacks as you move away! The hound closely misses you.
The hound barely misses you. The hound bites you.
You take 3 damage, and have 41/50 hp.
Casting: Searing Ray (safe; 1% risk of failure)
Confirm with . or Enter, or press ? or * to list all spells.
Aiming: Searing Ray (safe; 1% risk of failure)
Press: ? - help, Shift-Dir - straight line, f/p - hound
Aim: a hound (heavily wounded, 75% to hit)
The searing ray hits the hound.
The hound is almost dead. (Press . to maintain the ray.)
The hound misses you. x2
You now have 16/18 mp.
The searing ray hits the hound.
You kill the hound!
The centaur shoots an arrow.
The arrow hits you. The hound bites you but does no damage.
The centaur shoots an arrow.
The arrow hits you! The hound barely misses you.
You take 17 damage, and have 25/50 hp.
MASSIVE DAMAGE!!
Unknown command.
Unknown command.
The centaur shoots an arrow.
The arrow hits you!
* * * LOW HITPOINT WARNING * * *
The hound bites you.
* * * LOW HITPOINT WARNING * * *
You take 11 damage, and have 14/50 hp.
MASSIVE DAMAGE!!
Unknown command.
Casting: Searing Ray (safe; 1% risk of failure)
Confirm with . or Enter, or press ? or * to list all spells.
Restarting spell: Searing Ray (safe; 1% risk of failure)
Press: ? - help, Shift-Dir - straight line, f - centaur
Aim: a centaur, wielding a +0 shortbow (89% to hit)
The searing ray hits the centaur.
The centaur is moderately wounded. (Press . to maintain the ray.)
The centaur shoots an arrow.
The arrow hits you!
* * * LOW HITPOINT WARNING * * *
The hound barely misses you.
The centaur shoots an arrow.
The arrow hits you.
You die...

........#######+###...#
............#..........
............#........#
............#........#
............#........#
........c...c........+
......
.......######....<...#
#..... ..####.
#†h......+ +..... #.
###@.......# #.....
..#........# #.....
#.#........## #.....
#.#.........####....
#.#.................
#.#........#...##...
#...........#.#..#..
#...........#..#....#..
#.........#..##....#...


You could see a centaur and a hound.

Vanquished Creatures
  Sigmund (D:6)
  Eustachio (D:6)
  A black bear (D:5)
  2 centaurs (D:5)
  An ogre (D:6)
  2 hounds
  A sleepcap (D:5)
  2 orc priests (D:4)
  2 iguanas
  An orc wizard (D:6)
  2 adders
  A shadow imp (D:6)
  An ufetubus (D:5)
  4 worms
  3 dart slugs
  24 orcs
  7 endoplasms
  5 giant cockroaches
  4 goblins
  10 hobgoblins
  4 jackals (D:4)
  4 quokkas
  6 ball pythons
  6 bats
  5 frilled lizards
  6 kobolds
  6 rats
112 creatures vanquished.

Notes
Turn   | Place    | Note
-------+----------+-------------------------------------------
     0 | D:1      | spardeous the Demigod Conjurer began the quest for the Orb.
     0 | D:1      | Reached XP level 1. HP: 14/14 MP: 5/5
   346 | D:1      | Reached XP level 2. HP: 20/20 MP: 0/7
   512 | D:1      | Learned a level 2 spell: Searing Ray
   606 | D:1      | Reached skill level 4 in Conjurations
  1019 | D:1      | Reached XP level 3. HP: 26/26 MP: 5/9
  1732 | D:2      | Found a runed translucent door.
  1733 | D:2      | Noticed Crazy Yiuf
  1926 | D:3      | Noticed a kobold brigand
  1926 | D:3      | Found a runed translucent gate.
  1926 | D:3      | Found a runed translucent gate.
  1926 | D:3      | Found a runed translucent gate.
  1929 | D:3      | Noticed Babbit's ghost (weakling DrCj)
  2886 | D:4      | Reached XP level 4. HP: 33/33 MP: 8/11
  3182 | D:4      | Learned a level 4 spell: Iskenderun's Mystic Blast
  3260 | D:4      | Reached XP level 5. HP: 38/38 MP: 11/13
  3566 | D:5      | Entered Level 5 of the Dungeon
  3586 | D:5      | Reached skill level 5 in Conjurations
  3740 | D:5      | Noticed a centaur
  3749 | D:5      | Killed a centaur
  3766 | D:5      | Noticed a centaur
  3780 | D:5      | Killed a centaur
  3781 | D:5      | Reached XP level 6. HP: 12/45 MP: 10/15
  4358 | D:5      | Reached skill level 6 in Conjurations
  4426 | D:6      | Noticed Sigmund
  4431 | D:6      | Killed Sigmund
  4432 | D:6      | Reached skill level 5 in Spellcasting
  4432 | D:6      | Reached XP level 7. HP: 38/50 MP: 11/18
  4476 | D:6      | Found a staircase to the Ecumenical Temple.
  4498 | D:6      | Reached skill level 1 in Translocations
  4541 | D:6      | Noticed Eustachio
  4552 | D:6      | Killed Eustachio
  4553 | D:6      | Reached skill level 7 in Conjurations
  4622 | D:6      | Shot with an arrow by a centaur

Illustrated notes

Levels and vault maps discovered:
D:1:      tarquinn_simple_flora_water_b, layout_basic,
          minmay_misc_feat_enclosed, minmay_tiny_reverse_x
D:2:      layout_rooms, uniq_crazy_yiuf_cottage
D:3:      layout_loops_ring, old_standard_altar,
          nicolae_dithmenos_shadow_blocks, gammafunk_ghost_nasty_kobolds,
          minmay_misc_feat_rugged, minmay_strange_pillars
D:4:      layout_gridville, hangedman_abyss_or_decor_stagger, minmay_cut_off
D:5:      layout_gridville, lemuel_coloured_pillars_altar
D:6:      minmay_octagon_keep, layout_basic, minmay_temple_entry_mini_moons,
          kennysheep_generic_room_13, uniq_sigmund, uniq_eustachio

Skill      XL: |  1  2  3  4  5  6  7 |
---------------+----------------------+-----
Spellcasting   | 2 3 4 5 |  5.1
Conjurations   | 4 5 6 7 |  7.0
Translocations | 2 |  2.5
Dodging        | |  1.7
Stealth        | |  1.7

Action                     |  1- 3 |  4- 6 |  7- 9 || total
---------------------------+-------+-------+-------++-------
   Cast: Magic Dart        |   122 |   102 |    10 ||   234
         Searing Ray       |     1 |     9 |     9 ||    19
    Use: Potion            |       |     4 |       ||     4
 Armour: Robe              |     2 |     8 |     8 ||    18
         Skin              |       |     6 |       ||     6
  Dodge: Dodged            |     2 |    18 |    14 ||    34
